 Dungeon Crawl Stone Soup version 0.30.1-4-g462c640d31 (webtiles) character file.

Game seed: 1457779894314772136

140 Kurtz the Chopper (level 5, 32/32 HPs)
             Began as a Tengu Fighter on Sept 18, 2023.
             Quit the game on level 4 of the Dungeon.
             The game lasted 00:01:49 (2516 turns).

Kurtz the Chopper (Tengu Fighter)                   Turns: 2516, Time: 00:01:50

Health: 32/32      AC:  9    Str: 17    XL:     5   Next: 22%
Magic:  6/6        EV:  8    Int:  8    God:
Gold:   266        SH:  5    Dex: 15    Spells: 4/4 levels left

rFire   + . .        a - +0 war axe
rCold   . . .        c - +0 buckler
rNeg    . . .        k - +0 chain mail
rPois   .            (helmet restricted)
rElec   .            (no cloak)
rCorr   .            (no gloves)
SInv    .            (boots unavailable)
Will    .....        w - amulet of guardian spirit Stlth
                     f - ring of protection from fire
HPRegen 0.25/turn    (no ring)
MPRegen 0.10/turn

%: guardian spirit
@: flying quickly and evasively, quick
A: beak, talons 3, nimble flight
a: no special abilities


You were on level 4 of the Dungeon.
You visited 1 branch of the dungeon, and saw 4 of its levels.

You collected 266 gold pieces.

Inventory:

Hand Weapons
 a - a +0 war axe (weapon)
Armour
 b - a +0 scale mail
 c - a +0 buckler (worn)
 k - a +0 chain mail (worn)
Jewellery
 f - a ring of protection from fire (left hand)
 w - an amulet of guardian spirit (around neck)
Wands
 t - a wand of flame (22)
Scrolls
 e - 2 scrolls of poison {unknown}
 g - 2 scrolls of brand weapon {unknown}
 h - a scroll of teleportation {unknown}
 i - 2 scrolls of noise {unknown}
 m - 4 scrolls of amnesia {unknown}
 n - 2 scrolls of blinking {unknown}
 o - 5 scrolls of identify {unknown}
 p - a scroll of immolation {unknown}
Potions
 d - a potion of might
 j - a potion of mutation {unknown}
 l - a potion of berserk rage {unknown}
 q - a potion of resistance {unknown}
 r - 3 potions of curing {unknown}
 s - a potion of flight {unknown}
 u - a potion of lignification {unknown}
 v - a potion of cancellation {unknown}
 x - a potion of degeneration {unknown}


   Skills:
 - Level 3.0 Fighting
 * Level 5.8 Axes
 - Level 3.2 Armour
 - Level 3.0 Shields


You had 4 spell levels left.
You didn't know any spells.
Your spell library contained the following spells:

 Spells                   Type           Power      Damage    Failure   Level
 Slow                     Hex            0%         N/A       99%         1
 Blink                    Tloc           0%         N/A       100%        2
 Ensorcelled Hibernation  Hex/Ice        0%         N/A       100%        2
 Lesser Beckoning         Tloc           0%         N/A       100%        2
 Momentum Strike          Conj/Tloc      0%         3d8       100%        2
 Passwall                 Tmut/Erth      0%         N/A       100%        2
 Confusing Touch          Hex            0%         N/A       100%        3
 Gell's Gravitas          Tloc           0%         N/A       100%        3
 Hailstorm                Conj/Ice       0%         3d3       100%        3
 Swiftness                Air            0%         N/A       100%        3
 Teleport Other           Tloc           0%         N/A       100%        3
 Vampiric Draining        Necr           0%         2d6       100%        3
 Ice Form                 Ice/Tmut       0%         N/A       100%        4
 Petrify                  Tmut/Erth      0%         N/A       100%        4
 Metabolic Englaciation   Hex/Ice        0%         N/A       100%        5
 Simulacrum               Ice/Necr       0%         N/A       100%        6
 Statue Form              Tmut/Erth      0%         N/A       100%        6


Dungeon Overview and Level Annotations

Branches:
Dungeon (4/15)
 Temple: D:4-7

Altars:
Trog
Uskayaw


Innate Abilities, Weirdness & Mutations

You have a beak for a mouth.
You have claws for feet.
Your magical nature lets you fly swiftly and evasively.


Message History

No target in view!
No target in view!
No target in view!
You see here a bat corpse.
There is an open door here.
As you open the door, it creaks loudly!
There is an open door here.
You now have 266 gold pieces (gained 10).
m - 4 scrolls labelled WICRAX UT ZOOV (gained 1)
A frilled lizard comes into view.
The frilled lizard hisses angrily.
The frilled lizard bites you but does no damage.
You hit the frilled lizard.
You kill the frilled lizard!
No target in view!
No target in view!
No target in view!
No target in view!
No target in view!
No target in view!
No target in view!
No target in view!
Done exploring.
Done exploring.
Done exploring.
No target in view!
(D) Dungeon
Where to? (Enter - D:3, ? - help)
You reach down and open the door.
There is an open door here.
There is an open door here.
There is a stone staircase leading down here.
You fly downwards.
You hear the hiss of flowing sand.
There is an entrance to an ossuary on this level.
Hurry and find it before the portal is buried!
You hear the sound of rushing water.
There is an entrance to a sewer on this level.
Hurry and find it before the portal rusts away!
The jackal barks! x2; You hear a bark!
There is a stone staircase leading up here.
Are you sure you want to abandon this character and quit the game? (Confirm with "yes".)

#### #...
#...#####
###.......
...h.....#
....h....#
..h...h@.#
###...####
#.. #. #.
.. .


You could see 4 jackals.

Vanquished Creatures
  2 gnolls (D:1)
  4 adders (D:2)
  A dart slug (D:2)
  3 worms
  An orc (D:3)
  3 ball pythons
  5 endoplasms
  14 giant cockroaches
  3 goblins
  5 hobgoblins
  4 jackals (D:2)
  4 kobolds
  5 quokkas
  4 bats
  3 frilled lizards
  6 rats
67 creatures vanquished.

Notes
Turn   | Place    | Note
-------+----------+-------------------------------------------
     0 | D:1      | Kurtz the Tengu Fighter began the quest for the Orb.
     0 | D:1      | Reached XP level 1. HP: 14/14 MP: 2/2
    49 | D:1      | Reached skill level 3 in Axes
    49 | D:1      | Reached XP level 2. HP: 19/19 MP: 3/3
   393 | D:1      | Reached skill level 4 in Axes
   393 | D:1      | Reached XP level 3. HP: 18/23 MP: 4/4
   880 | D:2      | Reached XP level 4. HP: 28/28 MP: 5/5
   979 | D:2      | Reached skill level 5 in Axes
  1128 | D:2      | Found a bloodstained altar of Trog.
  1375 | D:2      | Found a faded altar of an unknown god.
  1541 | D:2      | Gained mutation: Your magical nature lets you fly swiftly
                  | and evasively. [Tengu growth]
  1541 | D:2      | Reached XP level 5. HP: 32/32 MP: 6/6
  1947 | D:3      | Found a hide-covered altar of Uskayaw.
  2516 | D:4      | Quit the game

Illustrated notes

Levels and vault maps discovered:
D:1:      saegor_arrival_simple_e, layout_basic, dreamdust_mushroom_princess
D:2:      minmay_roachtagon, layout_loops_ring, basic_altar,
          hellmonk_ecumenical_altar_arch_garden, grunt_ministairs_13,
          serial_bayou_lake_a
D:3:      layout_loops_corners, lemuel_doored_altar
D:4:      minmay_razor_zed, layout_loops_corners, minmay_temple_entry_hall,
          gup_sewer_entry_spiral, enter_ossuary_5, gammafunk_ghost_grave

Skill      XL: |  1  2  3  4 |
---------------+-------------+-----
Axes           | 3 4 5 |  5.8
Fighting       | |  3.0
Armour         | |  3.2
Shields        | |  3.0

Action                     |  1- 3 |  4- 6 || total
---------------------------+-------+-------++-------
  Melee: War axe           |    54 |   100 ||   154
         Kick              |    13 |    21 ||    34
         Peck              |    10 |    16 ||    26
 Armour: Scale mail        |     5 |       ||     5
         Chain mail        |    26 |    63 ||    89
  Dodge: Dodged            |    16 |    40 ||    56
  Block: Buckler           |    13 |    26 ||    39
